 Dungeon Crawl Stone Soup version 0.21.1-1-g345015f (webtiles) character file.

23974 troglodite the Protected (level 12, -12/145 HPs)
             Began as a Demonspawn Berserker on Mar 19, 2018.
             Was a High Priest of Trog.
             Engulfed by a cloud of freezing vapour (13 damage)
             ... in an ice cave.
             The game lasted 00:35:42 (11482 turns).

troglodite the Protected (Demonspawn Berserker)    Turns: 11482, Time: 00:35:43

Health: -12/145    AC: 24    Str: 24    XL:     12   Next: 76%
Magic:  0/12       EV:  7    Int:  8    God:    Trog [*****.]
Gold:   796        SH: 16    Dex: 21    Spells: 11/11 levels left

rFire    . . .     SeeInvis .   t - +8 spear of Qylen {freeze, rPois Dex+4}
rCold    . . .     Gourm    .   F - +0 large shield
rNeg     . . .     Faith    .   A - +0 crystal plate armour
rPois    +         Spirit   +   (helmet restricted)
rElec    .         Reflect  .   I - +0 cloak
rCorr    .         Harm     .   (no gloves)
MR       .....                  (no boots)
Stlth    ..........             (no amulet)
HPRegen  0.34/turn              j - +4 ring of slaying
MPRegen  0.26/turn              r - +2 ring of evasion

@: berserking, very quick
A: antennae 1, thin metallic scales 1, spiny 3, magic shield, magic regeneration
a: Berserk, Trog's Hand, Brothers in Arms, Burn Spellbooks, Renounce Religion


You were in an ice cave.
You worshipped Trog.
Trog was extremely pleased with you.
You were very hungry.

You visited 1 branch of the dungeon, and saw 12 of its levels.
You also visited: Bailey and Ice Cave.

You collected 796 gold pieces.

Inventory:

Hand Weapons
 q - a +5 antimagic double sword
 t - the +8 spear of Qylen (weapon) {freeze, rPois Dex+4}
   (You found it on level 10 of the Dungeon)

   It has been specially enchanted to freeze those struck by it, causing extra
   injury to most foes and up to half again as much damage against particularly
   susceptible opponents.
   It can also slow down cold-blooded creatures.
   It affects your dexterity (+4).
   It protects you from poison.
 C - a +3 scimitar of flaming
Armour
 A - a +0 crystal plate armour (worn)
 F - a +0 large shield (worn)
 I - a +0 cloak (worn)
 J - the +2 ring mail of Narcissism {rElec Str+2}
   (You found it on level 8 of the Dungeon)

   It affects your strength (+2).
   It insulates you from electricity.
Jewellery
 b - an uncursed ring of positive energy
 i - an uncursed ring of resist corrosion
 j - a +4 ring of slaying (left hand)
 l - an uncursed ring of fire
 r - a +2 ring of evasion (right hand)
 x - an uncursed ring of protection from fire
 z - an uncursed ring of flight
Wands
 y - a wand of flame (80)
 E - a wand of digging (11)
 H - a wand of paralysis (11)
 K - a wand of random effects (22)
 L - a wand of polymorph (9)
Scrolls
 f - a scroll of enchant armour
 k - 2 scrolls of fear
 m - 3 scrolls of immolation
 n - 9 scrolls of remove curse
 p - 5 scrolls of teleportation
 B - a scroll of identify
 G - a scroll of torment {unknown}
Potions
 d - a potion of invisibility
 e - 3 potions of resistance
 g - 9 potions of curing
 h - 2 potions of might {unknown}
 o - 2 potions of ambrosia
 s - 5 potions of flight
 u - a potion of berserk rage
 v - 2 potions of lignification
 w - a potion of heal wounds
 D - 3 potions of brilliance
Comestibles
 c - 14 rations


   Skills:
 * Level 10.1 Fighting
 + Level 10.7 Long Blades
 + Level 3.4 Polearms
 * Level 10.8 Armour
 * Level 7.7 Dodging
 + Level 2.5 Stealth
 * Level 5.2 Shields


You had 11 spell levels left.
You didn't know any spells.

Dungeon Overview and Level Annotations

Branches:
Dungeon (12/15)            Temple (0/1) D:7            Lair (0/6) D:9
    Orc (0/2) D:11

Altars:
Cheibriados
Fedhas
Gozag
Nemelex Xobeh
Okawaru
Qazlal
Sif Muna
Vehumet
Wu Jian

Shops:
D:8 [


Innate Abilities, Weirdness & Mutations

You have a pair of small antennae on your head.
You are partially covered in thin metallic scales. (AC +2)
You are completely covered in sharp spines.
When hurt, damage is shared between your health and your magic reserves.
You regenerate magic rapidly.


Message History

The ice statue gestures at you. The freezing blast engulfs you!
* * * LOW HITPOINT WARNING * * *
You hit the ice statue but do no damage.
The ice statue is severely damaged.
You are engulfed in freezing vapours.
* * * LOW HITPOINT WARNING * * *
The ice statue gestures at you. The freezing blast engulfs you!
You puncture the ice statue!
The ice statue is almost destroyed.
You are engulfed in freezing vapours.
* * * LOW HITPOINT WARNING * * *
Unknown command.
You puncture the ice statue!
You feel the power of Trog in you as your rage grows.
You destroy the ice statue!
Trog accepts your kill.
You are engulfed in freezing vapours.
You die...

##.#....#.##≈≈##..## #
##..........##≈≈##..# #
##............#...#..#
#
##.....#........##...##
#.......###.......####
#.......#######..## #
##......§§## #### #
###...§§§§### ##
###.§§§@§§# #.
###§§§§## ## #§§### #
#.§## ...## ≈ ..## ≈≈
### ≈≈≈ ≈### ##


There were no monsters in sight!

Vanquished Creatures
  Erolcha (D:11)
  Erica (D:8)
  3 two-headed ogres (D:10)
  An unseen horror (D:11)
  The ghost of PipsiMox the Summoner, a novice DESu of Sif Muna (D:11)
  Pikel (D:8)
  The ghost of Zgarb the Destroyer, a novice TeCj of Vehumet (D:6)
  2 cyclopes
  Maurice (D:8)
  An ice statue (IceCv)
  Psyche (D:8)
  2 rime drakes (D:12)
  An efreet (D:11)
  A komodo dragon (D:10)
  7 polar bears (IceCv)
  4 trolls
  A hippogriff (D:8)
  A human (D:7)
  23 yaks
  Sigmund (D:4)
  4 hogs (D:7)
  3 steam dragons (D:8)
  2 vampire mosquitoes (D:8)
  18 orc warriors
  A sky beast (D:10)
  3 black bears
  2 slaves (D:8)
  A phantom (D:6)
  A wolf (IceCv)
  7 ogres
  13 centaurs
  11 big kobolds
  6 bullfrogs
  2 gnoll sergeants (D:11)
  4 scorpions
  12 howler monkeys
  9 crimson imps
  A bullfrog skeleton (D:11)
  7 orc priests
  8 hounds
  3 jellies
  8 orc wizards
  Ijyb (D:4)
  2 centaur skeletons
  2 iguanas
  Jessica (D:7)
  Terence (D:2)
  Natasha (thrice) (D:4)
  11 worker ants
  A killer bee zombie (D:8)
  A hound zombie (D:8)
  A worker ant zombie (D:5)
  4 gnolls
  10 adders
  2 shadow imps (D:6)
  5 oozes
  A worm (D:6)
  4 dart slugs
  4 leopard geckos
  55 orcs
  8 giant cockroaches
  9 goblins
  7 hobgoblins
  9 jackals
  5 quokkas
  2 ball pythons
  9 bats
  5 frilled lizards
  2 jackal skeletons
  A jackal zombie (D:5)
  13 kobolds
  A quokka skeleton (D:5)
  A quokka zombie (D:9)
  11 rats
373 creatures vanquished.

Vanquished Creatures (collateral kills)
  A catoblepas (D:10)
  A centaur skeleton (D:10)
  A polar bear (IceCv)
  4 yaks
  A killer bee zombie (D:10)
  An orc (D:10)
  A kobold (D:10)
10 creatures vanquished.

Grand Total: 383 creatures vanquished

Notes
Turn   | Place    | Note
-------+----------+-------------------------------------------
     0 | D:1      | troglodite the Demonspawn Berserker began the quest for the Orb.
     0 | D:1      | Reached XP level 1. HP: 18/18 MP: 1/1
     0 | D:1      | Noticed a minotaur skeleton
     7 | D:1      | Noticed a minotaur skeleton
   233 | D:1      | Gained mutation: You have a pair of small antennae on your head. [demonic ancestry]
   233 | D:1      | Reached XP level 2. HP: 13/24 MP: 2/2
   520 | D:1      | Gained mutation: When hurt, damage is shared between your health and your magic reserves. [demonic ancestry]
   520 | D:1      | Reached XP level 3. HP: 26/29 MP: 3/3
   559 | D:1      | Reached ** piety under Trog
  1029 | D:2      | Gained mutation: You are partially covered in sharp spines. [demonic ancestry]
  1029 | D:2      | Reached XP level 4. HP: 37/37 MP: 2/4
  1139 | D:2      | Found an opulent altar of Gozag.
  1151 | D:2      | Noticed Terence
  1158 | D:2      | Killed Terence
  1158 | D:2      | Reached XP level 5. HP: 42/42 MP: 5/5
  1779 | D:3      | Reached *** piety under Trog
  1968 | D:3      | Found a snail-covered altar of Cheibriados.
  2276 | D:4      | Noticed Sigmund
  2276 | D:4      | Noticed an ogre
  2280 | D:4      | Killed Sigmund
  2280 | D:4      | Gained mutation: You regenerate magic rapidly. [demonic ancestry]
  2280 | D:4      | Reached XP level 6. HP: 49/49 MP: 6/6
  2358 | D:4      | Reached XP level 7. HP: 29/55 MP: 5/7
  2672 | D:4      | Noticed Natasha
  2678 | D:4      | Reached skill level 5 in Long Blades
  2680 | D:4      | Killed Natasha
  2691 | D:4      | Noticed Natasha
  2692 | D:4      | Noticed Ijyb
  2703 | D:4      | Killed Ijyb
  2707 | D:4      | Killed Natasha
  2845 | D:4      | Noticed Natasha
  2849 | D:4      | Killed Natasha
  3213 | D:5      | Entered Level 5 of the Dungeon
  3458 | D:5      | Reached **** piety under Trog
  3668 | D:5      | Reached skill level 5 in Armour
  3901 | D:6      | Reached skill level 5 in Fighting
  3907 | D:6      | Noticed Zgarb's ghost (novice TeCj)
  3920 | D:6      | Killed Zgarb's ghost
  3920 | D:6      | Gained mutation: You are partially covered in thin metallic scales. (AC +2) [demonic ancestry]
  3920 | D:6      | Reached XP level 8. HP: 63/63 MP: 8/8
  4650 | D:7      | Reached XP level 9. HP: 69/69 MP: 9/9
  4858 | D:7      | Reached ***** piety under Trog
  4865 | D:7      | Found an iron altar of Okawaru.
  5189 | D:7      | Noticed Jessica
  5196 | D:7      | Killed Jessica
  5208 | D:7      | Found a deep blue altar of Sif Muna.
  5304 | D:7      | Found an ornate altar of the Wu Jian Council.
  5305 | D:7      | Found a stormy altar of Qazlal.
  5359 | D:7      | Found a radiant altar of Vehumet.
  5452 | D:7      | Found a staircase to the Ecumenical Temple.
  5689 | D:8      | Found Qaps's Antique Armour Emporium.
  5714 | D:8      | Noticed Erica
  5743 | D:8      | HP: 3/72 [something (1)]
  5748 | D:8      | Killed Erica
  5748 | D:8      | Reached skill level 5 in Dodging
  5748 | D:8      | Reached skill level 1 in Stealth
  5748 | D:8      | Gained mutation: You are mostly covered in sharp spines. [demonic ancestry]
  5748 | D:8      | Reached XP level 10. HP: 20/79 MP: 2/10
  6097 | D:8      | You fall through a shaft for 2 floors!
  6097 | D:10     | Entered Level 10 of the Dungeon
  6343 | D:10     | Noticed a two-headed ogre
  6349 | D:10     | Killed a two-headed ogre
  6462 | D:10     | Noticed a two-headed ogre
  6466 | D:10     | Killed a two-headed ogre
  6630 | D:9      | Found a flagged portal.
  6653 | Bailey   | Entered a bailey
  6821 | Bailey   | Received a gift from Trog
  6890 | Bailey   | Gained mutation: You are completely covered in sharp spines. [demonic ancestry]
  6890 | Bailey   | Reached XP level 11. HP: 40/87 MP: 3/11
  7240 | Bailey   | Identified a scroll of acquirement
  7718 | D:8      | Found a sparkling altar of Nemelex Xobeh.
  7726 | D:8      | Noticed Pikel
  7739 | D:8      | Killed Pikel
  7780 | D:8      | Noticed Psyche
  7790 | D:8      | Killed Psyche
  7854 | D:8      | Noticed Maurice
  7872 | D:8      | Killed Maurice
  7995 | D:8      | Got a diamond-encrusted ring mail
  8006 | D:8      | Identified the +2 ring mail of Narcissism {rElec Str+2} (You found it on level 8 of the Dungeon)
  8043 | D:8      | Reached skill level 10 in Long Blades
  8277 | D:9      | Found a blossoming altar of Fedhas.
  8362 | D:9      | Found a staircase to the Lair.
  8516 | D:9      | Reached skill level 1 in Shields
  8773 | D:10     | Noticed a two-headed ogre
  8781 | D:10     | Killed a two-headed ogre
  8781 | D:10     | Reached skill level 10 in Armour
  8793 | D:10     | Received a gift from Trog
  8843 | D:10     | Noticed a catoblepas
  8857 | D:10     | Killed a catoblepas
  9149 | D:10     | Reached XP level 12. HP: 65/96 MP: 4/12
  9246 | D:10     | Got an encrusted spear
  9247 | D:10     | Identified the +8 spear of Qylen {freeze, rPois Dex+4} (You found it on level 10 of the Dungeon)
  9716 | D:11     | Noticed PipsiMox's ghost (novice DESu)
  9727 | D:11     | Killed PipsiMox's ghost
 10046 | D:11     | Reached skill level 1 in Polearms
 10076 | D:11     | Noticed Erolcha
 10085 | D:11     | Killed Erolcha
 10212 | D:11     | Received a gift from Trog
 10233 | D:11     | Found a staircase to the Orcish Mines.
 10534 | D:12     | Found a frozen archway.
 10656 | IceCv    | Entered an ice cave
 10745 | IceCv    | Reached skill level 10 in Fighting
 11208 | IceCv    | Reached skill level 5 in Shields
 11481 | IceCv    | HP: 1/145 [ice statue] (10)]
 11482 | IceCv    | Engulfed by a cloud of freezing vapour

Skill      XL: |  1  2  3  4  5  6  7  8  9 10 11 12 |
---------------+-------------------------------------+-----
Long Blades    | 3 4 5 6 8 9 10 | 10.7
Dodging        | 2 3 4 5 6 7 |  7.7
Armour         | 2 3 5 6 7 9 10 | 10.8
Fighting       | 4 5 6 7 8 9 10 | 10.1
Stealth        | 1 2 |  2.5
Shields        | 2 5 |  5.2
Polearms       | 3 |  3.4

Action                   |  1- 3 |  4- 6 |  7- 9 | 10-12 || total
-------------------------+-------+-------+-------+-------++-------
Melee: Falchion          |   100 |   110 |   329 |     4 ||   543
       Scimitar          |       |       |       |    67 ||    67
       Double sword      |       |       |       |   212 ||   212
       Spear             |       |       |       |   227 ||   227
Invok: Berserk           |     1 |     2 |     7 |    10 ||    20
       Brothers in Arms  |       |       |       |     3 ||     3
       Burn Spellbooks   |       |       |       |     2 ||     2
  Use: Potion            |       |       |     1 |       ||     1
       Scroll            |       |       |       |    24 ||    24
 Stab: Distracted        |       |       |       |     1 ||     1
       Invisible         |       |       |       |     1 ||     1
  Eat: Chunk             |       |     7 |    17 |    26 ||    50
       Ration            |       |       |       |     1 ||     1
Armor: Animal skin       |     9 |       |       |       ||     9
       Ring mail         |    40 |    20 |       |       ||    60
       Chain mail        |       |    14 |   111 |       ||   125
       Plate armour      |       |       |    27 |    81 ||   108
       Crystal plate arm |       |       |       |   280 ||   280
Dodge: Dodged            |    87 |    67 |   168 |   173 ||   495
Block: Large shield      |       |       |       |   243 ||   243
       Rpst.: Falchion   |    32 |    16 |    52 |       ||   100
       Scimitar          |       |       |       |    13 ||    13
       Double sword      |       |       |       |    17 ||    17
